 Dungeon Crawl Stone Soup version 0.28-a0-1182-g381e24db82 (webtiles) character file.

Game seed: 4027300098000370025

22 ChaosChampion the Insei (level 2, -4/18 HPs)
             Began as an Octopode Transmuter on Dec 17, 2021.
             Slain by Terence (5 damage)
             ... on level 2 of the Dungeon.
             The game lasted 00:00:47 (1276 turns).

ChaosChampion the Insei (Octopode Transmuter)       Turns: 1276, Time: 00:00:47

Health: -4/18      AC:  1    Str:  9    XL:     2   Next: 91%
Magic:  5/5        EV: 13    Int: 15    God:
Gold:   54         SH:  0    Dex: 12    Spells: 4/5 levels left

rFire   . . .      SeeInvis .     - Unarmed
rCold   . . .      Faith    .   (no shield)
rNeg    . . .      Spirit   .   (helmet restricted)
rPois   .          Reflect  .   (no amulet)
rElec   .          Harm     .   (no ring)
rCorr   .          Rampage  .   (no ring)
Will    .....                   (no ring)
Stlth   ++........              (no ring)
HPRegen 0.06/turn               (no ring)
MPRegen 0.09/turn               (no ring)
                                (no ring)
                                (no ring)

@: no status effects
A: almost no armour, amphibious, 8 rings, camouflage 1, gelatinous body 1,
(nimble swimmer 1), tentacles
a: no special abilities


You were on level 2 of the Dungeon.
You visited 1 branch of the dungeon, and saw 2 of its levels.

You collected 54 gold pieces.

Inventory:

Missiles
 d - 7 poisoned darts (quivered)
Scrolls
 a - a scroll of amnesia {unknown}
 b - 3 scrolls of identify {unknown}
 c - 2 scrolls of holy word {unknown}


   Skills:
 - Level 1.0 Fighting
 - Level 2.0 Dodging
 * Level 3.7 Unarmed Combat
 - Level 2.0 Spellcasting
 + Level 2.4 Transmutations


You had 4 spell levels left.
You knew the following spells:

 Your Spells              Type           Power      Damage    Failure   Level
a - Beastly Appendage     Tmut           16%        N/A       9%          1

Your spell library contained the following spells:

 Spells                   Type           Power      Damage    Failure   Level
 Wereblood                Tmut           8%         N/A       12%         2
 Spider Form              Tmut/Pois      5%         N/A       38%         3
 Ice Form                 Ice/Tmut       5%         N/A       80%         4


Dungeon Overview and Level Annotations

Branches:
Dungeon (2/15)

Altars:

Annotations:
D:2 Terence


Innate Abilities, Weirdness & Mutations

You cannot wear most types of armour.
You are amphibious.
You can wear up to eight rings at the same time.
Your skin changes colour to match your surroundings (Stealth+).
Your rubbery body absorbs attacks. (AC +1, EV +1)
((You are camouflaged near water. (Stealth+)))
You have tentacles for arms and can constrict up to eight enemies at once.


Message History

You tentacle-slap the orc. You squeeze the orc.
You kill the orc!
You barely miss Terence. You grab Terence.
You constrict Terence, but do no damage.
Terence barely misses you.
You tentacle-slap Terence but do no damage.
You constrict Terence, but do no damage.
Terence barely misses you.
You barely miss Terence. You squeeze Terence!
Terence is moderately wounded.
You constrict Terence, but do no damage.
Terence hits you with a +0 flail of protection.
Terence is nearby!
Terence is nearby!
Terence is nearby!
You completely miss Terence.
Terence is moderately wounded.
You constrict Terence.
Terence hits you with a +0 flail of protection!
You release your grip on Terence.
Throw: 10 darts (poison)
Press: ? - help, Q - select action, (/) - cycle Shift-Dir - straight line, f - Terence
Aim: Terence, wielding a +0 flail of protection and wearing a +0 scale mail (moderately wounded, 60% to hit)
You throw a poisoned dart. The poisoned dart hits Terence.
Terence is moderately wounded.
Terence barely misses you.
Throw: 9 darts (poison)
Press: ? - help, Q - select action, (/) - cycle Shift-Dir - straight line, f/p - Terence
Aim: Terence, wielding a +0 flail of protection and wearing a +0 scale mail (moderately wounded, 60% to hit)
You throw a poisoned dart.
The poisoned dart closely misses Terence.
Terence hits you with a +0 flail of protection!
* * * LOW HITPOINT WARNING * * *
Throw: 8 darts (poison)
Press: ? - help, Q - select action, (/) - cycle Shift-Dir - straight line, f/p - Terence
Aim: Terence, wielding a +0 flail of protection and wearing a +0 scale mail (moderately wounded, 60% to hit)
You throw a poisoned dart.
The poisoned dart barely misses Terence.
Terence hits you with a +0 flail of protection.
You die...

........))# ..
..##.##.).##.# #
...<..#...#..##.#
#....(###.....
##.....##..#
#........#######
#..............#
#.......@......#
#........@.....#
#.............<..##..
......................
.................##...
.###.#.#.........# .
#...##........# ..##
#........# .##
#........# ##########


You could see Terence.

Vanquished Creatures
  A dart slug (D:1)
  3 orcs (D:2)
  A ball python (D:1)
  3 endoplasms (D:1)
  A giant cockroach (D:1)
  A hobgoblin (D:1)
  A frilled lizard (D:1)
  3 kobolds (D:1)
  2 rats (D:1)
16 creatures vanquished.

Notes
Turn   | Place    | Note
-------+----------+-------------------------------------------
     0 | D:1      | ChaosChampion the Octopode Transmuter began the quest for
                  | the Orb.
     0 | D:1      | Reached XP level 1. HP: 13/13 MP: 3/3
   525 | D:1      | Reached XP level 2. HP: 12/18 MP: 1/5
  1258 | D:2      | Noticed Terence
  1276 | D:2      | Slain by Terence

Illustrated notes

Levels and vault maps discovered:
D:1:      dpeg_arrival_boxorama, layout_basic
D:2:      layout_rooms, serial_shops, shop_statue, minmay_misc_feat_encased,
          uniq_terence

Action                   || total
-------------------------++-------
Melee: Unarmed           ||    35
       Tentacles         ||    11
       Kick              ||     8
       Constrict         ||     7
       Punch             ||     1
Throw: Dart              ||     3
 Cast: Beastly Appendage ||    14
 Stab: Sleeping          ||     4
Armor: Skin              ||     2
Dodge: Dodged            ||    15

Table legend: (Time is in decaauts)
 A = Elapsed time spent in this place.
 B = Non-inter-level travel time spent in this place.
 C = Inter-level travel time spent in this place.
 D = Time resting spent in this place.
 E = Time spent auto-exploring this place.
 F = Levels seen in this place.
 G = Mean time per level.
                   A        B        C        D        E       F      G
               +--------+--------+--------+--------+--------+-----+--------+
         Total |   1272 |   1252 |     20 |      0 |   1095 |   2 |  636.0 |
       Dungeon |   1272 |   1252 |     20 |      0 |   1095 |   2 |  636.0 |
               +--------+--------+--------+--------+--------+-----+--------+

Top non-repeatable levels by time:
     D:1: 1236 daAuts
     D:2: 36 daAuts
